 Dungeon Crawl Stone Soup version 0.27.1-1-g398f81649c (webtiles) character file.

Game seed: 14234094577395640290

36 speeev33 the Skirmisher (level 3, 0/33 HPs)
             Began as a Hill Orc Fighter on Sept 11, 2021.
             Slain by an adder (3 damage)
             ... on level 2 of the Dungeon.
             The game lasted 00:01:11 (1181 turns).

speeev33 the Skirmisher (Hill Orc Fighter)          Turns: 1181, Time: 00:01:12

Health: 0/33       AC:  6    Str: 19    XL:     3   Next: 37%
Magic:  3/3        EV:  7    Int:  8    God:
Gold:   31         SH:  9    Dex: 10    Spells: 2/2 levels left

rFire    . . .     SeeInvis .   a - +0 war axe
rCold    . . .     Faith    .   c - +0 kite shield
rNeg     . . .     Spirit   .   b - +0 scale mail
rPois    .         Reflect  .   (no helmet)
rElec    .         Harm     .   (no cloak)
rCorr    .         Rampage  .   (no gloves)
Will     .....                  (no boots)
Stlth    ..........             (no amulet)
HPRegen  0.11/turn              (no ring)
MPRegen  0.08/turn              (no ring)

@: no status effects
A: no striking features
a: no special abilities


You were on level 2 of the Dungeon.
You visited 1 branch of the dungeon, and saw 2 of its levels.

You collected 31 gold pieces.

Inventory:

Hand Weapons
 a - a +0 war axe (weapon)
Armour
 b - a +0 scale mail (worn)
 c - a +0 kite shield (worn)
Potions
 d - a potion of might


   Skills:
 + Level 4.1 Fighting
 + Level 3.4 Axes
 + Level 3.6 Armour
 + Level 3.7 Shields


You had 2 spell levels left.
You didn't know any spells.
Your spell library was empty.

Dungeon Overview and Level Annotations

Branches:
Dungeon (2/15)

Altars:


Message History

You are too injured to fight recklessly!
You feel sick. You block the bat's attack.
You closely miss the bat.
You feel sick. The bat hits you. You block the bat's attack.
You slash the bat!
You kill the bat!
You feel sick. The adder closely misses you.
You closely miss the adder.
The adder is severely wounded.
You feel sick.
You are no longer poisoned.
You block the adder's attack. The adder barely misses you.
You miss the adder.
The adder is severely wounded.
The adder bites you but does no damage. x2; You block the adder's attack.
You closely miss the adder.
The adder is severely wounded.
You block the adder's attack. The adder bites you.
* * * LOW HITPOINT WARNING * * *
You are poisoned.
The adder poisons you!
You closely miss the adder.
The adder is severely wounded.
You feel sick. You block the adder's attack. x2
You barely miss the adder.
The adder is severely wounded.
You feel sick. You block the adder's attack. x2
You closely miss the adder.
The adder is heavily wounded.
You feel sick. The adder barely misses you.
The adder bites you but does no damage.
You hit the adder but do no damage.
The adder is heavily wounded.
You feel sick.
You are no longer poisoned.
The adder barely misses you. You block the adder's attack.
You hit the adder.
The adder is severely wounded.
You block the adder's attack. The adder bites you.
You die...

#......#
#..#####
#..#
#..########
#..........
##.########
#########.##
#..........#
#.########@#
#S# #gK#
.#.# ). ..
.#. .#. ....
.... .# #.
.# #. .. ..
.. ..


You could see an adder, a hobgoblin and a kobold.

Vanquished Creatures
  A dart slug (D:1)
  4 goblins
  4 hobgoblins
  3 jackals (D:1)
  2 quokkas (D:1)
  6 ball pythons
  4 bats
  2 frilled lizards (D:1)
  5 kobolds
  2 rats
33 creatures vanquished.

Notes
Turn   | Place    | Note
-------+----------+-------------------------------------------
     0 | D:1      | speeev33 the Hill Orc Fighter began the quest for the Orb.
     0 | D:1      | Reached XP level 1. HP: 19/19 MP: 1/1
    85 | D:1      | Reached XP level 2. HP: 22/27 MP: 2/2
   556 | D:1      | Reached skill level 4 in Fighting
   726 | D:1      | Reached XP level 3. HP: 33/33 MP: 3/3
   781 | D:1      | Found a faded altar of an unknown god.
  1181 | D:2      | Slain by an adder

Illustrated notes

Levels and vault maps discovered:
D:1:      dpeg_arrival_water_fire, layout_loops_ring, basic_ecumenical_altar
D:2:      layout_loops_ring, st_stairs_11, nrook_mini_vaults, minmay_tall_x

Skill      XL: |  1  2 |
---------------+-------+-----
Axes           | 3 |  3.4
Fighting       | 4 |  4.1
Armour         | |  3.6
Shields        | |  3.7

Action                   || total
-------------------------++-------
Melee: War axe           ||    93
  Use: Scroll            ||     1
Armor: Scale mail        ||    53
Dodge: Dodged            ||    37
Block: Kite shield       ||    55
